 Dungeon Crawl Stone Soup version bcrawl-1.21.2-28-g2cb1824106 (webtiles) character file.

Game seed: 14171337317375531004

0 MisterOstroum the Sneak (level 1, 0/12 HPs)
             Began as a Vine Stalker Archaeologist on Mar 6, 2020.
             Slain by a worm (10 damage)
             ... on level 2 of the Dungeon.
             The game lasted 00:00:13 (75 turns).

MisterOstroum the Sneak (Vine Stalker Archaeologist)  Turns: 75, Time: 00:00:14

Health: 0/12       AC:  6    Str: 13    XL:     1   Next: 10%
Magic:  2/2        EV: 13    Int: 14    God:
Gold:   11         SH:  0    Dex: 12    Spells: 0/0 levels left

rFire    . . .     SeeInvis .   a - +0 whip
rCold    . . .     Gourm    .   (no shield)
rNeg     . . .     Faith    .   b - +1 robe
rPois    .         Spirit   .   c - +1 hat
rElec    .         Reflect  .   (no cloak)
rCorr    .         Harm     .   (no gloves)
MR       .....                  d - +1 pair of boots
Stlth    +++.......             (no amulet)
HPRegen  0.44/turn              (no ring)
MPRegen  0.08/turn              (no ring)

@: no status effects
A: fangs 2, regeneration 1, no potion heal 3, rot immunity, strong jaws
a: no special abilities


You were on level 2 of the Dungeon.
You were not hungry.

You visited 1 branch of the dungeon, and saw 2 of its levels.

You collected 11 gold pieces.

Inventory:

Hand Weapons
 a - a +0 whip (weapon)
Armour
 b - a +1 robe (worn)
 c - a +1 hat (worn)
 d - a +1 pair of boots (worn)
Scrolls
 g - a scroll of magic mapping {@r5 !r}
Potions
 h - a potion of might {unknown}
Miscellaneous
 f - a dusty tome
Comestibles
 e - a ration {!d}


   Skills:
 + Level 1.0 Fighting
 - Level 0.8 Maces & Flails
 - Level 3.0 Dodging
 - Level 4.4 Stealth


You couldn't memorise any spells.
You didn't know any spells.
Your spell library was empty.

Dungeon Overview and Level Annotations

Branches:
Dungeon (2/12)

Altars:


Innate Abilities, Weirdness & Mutations

You have extremely sharp teeth.
Your natural rate of healing is unusually fast.
Potions cannot restore your health.
You are immune to rotting.
Your bites deal extra damage.


Message History

e - a ration;
g - a scroll of magic mapping Welcome, MisterOstroum the Vine Stalker Archaeologist.
It is said that the Orb of Zot exists deep within this dungeon.
Press ? for a list of commands and other information.
Found a staircase leading out of the dungeon.
h - a white potion
Found an escape hatch in the floor.
Key pressed, stopping explore.
Unknown command.
Unknown command.
You open the door.
There is an open door here.
Found a pair of boots.
You now have 11 gold pieces.
A rat comes into view.
Found a stone staircase leading down.
A rat is nearby!
A worm comes into view.
You closely miss the rat. You bite the rat.
You kill the rat!
Your Fighting skill increases to level 1!
You hit the worm. You bite the worm.
The worm is lightly wounded.
You hit the worm.
The worm is heavily wounded.
The worm misses you.
You barely miss the worm.
The worm is moderately wounded.
The worm bites you.
Ouch! That really hurt!
You are too injured to fight recklessly!
You are too injured to fight recklessly!
You are too injured to fight recklessly!
You are too injured to fight recklessly!
You are too injured to fight recklessly!
You are too injured to fight recklessly!
A worm is nearby!
A hobgoblin comes into view. It is wielding a +0 club.
You see here a rat corpse.
A ball python comes into view.
There is a stone staircase leading down here.
The ball python hisses angrily.
You climb downwards.
A worm and a hobgoblin come into view.
There is a stone staircase leading up here.
There are monsters nearby!
There are monsters nearby!
There are monsters nearby!
You hit the worm but do no damage.
The hobgoblin shouts!
The worm bites you.
You hit the worm.
The worm is lightly wounded.
The hobgoblin closely misses you.
You hit the worm.
The worm is moderately wounded.
The worm bites you. The hobgoblin barely misses you.
You hit the worm.
The worm is heavily wounded.
The hobgoblin hits you but does no damage.
The worm bites you!
Ouch! That really hurt!
You die...

#.. #####..
....... #
.......##.#
.......<#.#
........#.#
.##...#...#
#......##.#
#....@....#
#...gw.####
#......#
########


You could see a worm and a hobgoblin.

Vanquished Creatures
  A rat (D:1)
1 creature vanquished.

Notes
Turn   | Place    | Note
-------+----------+-------------------------------------------
     0 | D:1      | MisterOstroum the Vine Stalker Archaeologist began the
                  | quest for the Orb.
     0 | D:1      | Reached XP level 1. HP: 11/11 MP: 2/2
    47 | D:1      | Reached skill level 1 in Fighting
    75 | D:2      | Slain by a worm

Skill      XL: |  1 |
---------------+----+-----
Fighting       | 1 |  1.0
Maces & Flails | |  0.8
Dodging        | |  3.0
Stealth        | |  4.4

Action                   || total
-------------------------++-------
Melee: Whip              ||     8
       Bite              ||     2
Armor: Robe              ||     1
Dodge: Dodged            ||     3
